 Dungeon Crawl Stone Soup version 0.19.1 (webtiles) character file.

124 Firecrotchwizard the Firebug (level 4, -1/24 HPs)
             Began as a Deep Elf Fire Elementalist on Dec 12, 2016.
             Slain by a gnoll
             ... wielding a +0 spear
              (10 damage)
             ... on level 3 of the Dungeon.
             The game lasted 00:11:18 (2828 turns).

Firecrotchwizard the Firebug (DEFE)                 Turns: 2828, Time: 00:11:18

Health: -1/24      AC:  3    Str:  7    XL:     4   Next: 81%
Magic:  1/11       EV: 13    Int: 21    God:
Gold:   112        SH:  0    Dex: 15    Spells: 3 memorised, 4 levels left

rFire  . . .     SeeInvis .     i - +0 spear
rCold  . . .     Gourm    .     a - +0 robe
rNeg   . . .     Faith    .     (no shield)
rPois  .         Spirit   .     (no helmet)
rElec  .         Reflect  .     (no cloak)
rCorr  .         Harm     +     q - +0 pair of gloves
MR     .....                    (no boots)
Stlth  ++........               t - amulet of harm
                                (no ring)
                                f - +2 ring of strength

@: no status effects
A: no striking features
a: no special abilities


You were on level 3 of the Dungeon.
You were very hungry.

You visited 1 branch of the dungeon, and saw 4 of its levels.

You collected 112 gold pieces.

Inventory:

Hand Weapons
 i - a +0 spear (weapon)
Armour
 a - a +0 robe (worn)
 q - a +0 pair of gloves (worn)
Jewellery
 f - a +2 ring of strength (left hand)
 t - an amulet of harm (around neck)
Scrolls
 k - 2 scrolls of teleportation {unknown}
 n - 2 scrolls of identify {unknown}
 p - a scroll of recharging {unknown}
Potions
 d - a potion of brilliance {unknown}
 e - a potion of lignification {unknown}
 g - a potion of agility {unknown}
 h - 2 potions of degeneration {unknown}
 j - a potion of mutation {unknown}
 m - 2 potions of curing {unknown}
 o - 2 potions of haste {unknown}
Books
 b - a book of Flames

   Spells                             Type                      Level
   a - Flame Tongue                   Conjuration/Fire             1
   b - Throw Flame                    Conjuration/Fire             2
   c - Conjure Flame                  Conjuration/Fire             3
   d - Inner Flame                    Hexes/Fire                   3
   e - Sticky Flame                   Conjuration/Fire             4
   f - Fireball                       Conjuration/Fire             5
Comestibles
 c - 2 bread rations
 l - a meat ration
 r - 10 fruits
 s - a slice of pizza


   Skills:
 + Level 3.2 Dodging
 - Level 2.4 Stealth
 + Level 3.6 Spellcasting
 * Level 2.5 Conjurations
 * Level 4.9 Fire Magic


You had 4 spell levels left.
You knew the following spells:

 Your Spells              Type           Power        Failure   Level  Hunger
a - Flame Tongue          Conj/Fire      ###..        2%          1    None
b - Throw Flame           Conj/Fire      ###...       4%          2    ##.....
c - Conjure Flame         Conj/Fire      ###.....     10%         3    ###....


Dungeon Overview and Level Annotations

Branches:
Dungeon (4/15)
 Temple: D:4-7

Altars:
Fedhas

Annotations:
D:4 Dowan, Duvessa


Message History

You climb upwards.
The gnoll hits you from afar with a spear.
There is a stone staircase leading down here.
Casting: Throw Flame
Confirm with . or Enter, or press ? or * to list all spells.
Aiming: Flame Tongue
Press: ? - help, Shift-Dir - straight line, f - gnoll
Aim: a gnoll, wielding a spear The flame tongue hits the gnoll.
The gnoll is moderately wounded.
The gnoll completely misses you.
Casting: Flame Tongue
Confirm with . or Enter, or press ? or * to list all spells.
Aiming: Flame Tongue
Press: ? - help, Shift-Dir - straight line, f/p - gnoll
Aim: a gnoll, wielding a spear (moderately wounded)
The flame tongue hits the gnoll.
The gnoll is heavily wounded.
The gnoll hits you from afar with a spear!
You die...

#...........#
######...........# .
##................####
..#...................%#
.?.....................#
.......................#
#......g..............#
#.....................#
#.....@...............#
#.....................#
##.$..................#
##.....##............#
####################


You could see a gnoll.

Vanquished Creatures
  A hound (D:3)
  3 gnolls (D:3)
  An adder (D:2)
  3 dart slugs (D:1)
  An orc (D:3)
  2 ball pythons (D:2)
  8 bats
  A giant cockroach (D:1)
  7 goblins
  8 hobgoblins
  4 jackals (D:1)
  3 kobolds
  3 frilled lizards
  5 rats
50 creatures vanquished.

Notes
Turn   | Place    | Note
-------+----------+-------------------------------------------
     0 | D:1      | Firecrotchwizard the Deep Elf Fire Elementalist began the quest for the Orb.
     0 | D:1      | Reached XP level 1. HP: 10/10 MP: 6/6
   278 | D:1      | Reached XP level 2. HP: 15/15 MP: 4/8
   316 | D:1      | Learned a level 2 spell: Throw Flame
   421 | D:1      | Reached skill level 4 in Fire Magic
  1065 | D:1      | Reached XP level 3. HP: 19/19 MP: 3/9
  1147 | D:1      | Learned a level 3 spell: Conjure Flame
  2029 | D:2      | Found a blossoming altar of Fedhas.
  2533 | D:3      | Reached XP level 4. HP: 24/24 MP: 2/11
  2824 | D:4      | Noticed Duvessa
  2824 | D:4      | Noticed Dowan
  2828 | D:3      | Slain by a gnoll

Skill      XL: |  1  2  3 |
---------------+----------+-----
Fire Magic     | 4 |  4.9
Conjurations   | 2 |  2.5
Dodging        | 3 |  3.2
Stealth        | |  2.4
Spellcasting   | |  3.6

Action                   |  1- 3 |  4- 6 || total
-------------------------+-------+-------++-------
Melee: Spear             |     1 |       ||     1
 Cast: Flame Tongue      |    44 |    10 ||    54
       Throw Flame       |    35 |     8 ||    43
  Eat: Chunk             |     6 |       ||     6
Armor: Robe              |     1 |       ||     1
Dodge: Dodged            |    11 |     6 ||    17
